 Dungeon Crawl Stone Soup version 0.30-a0-34-gbe8da3892a (webtiles) character file.

Game seed: 5276180568379800017

64 nono the Trooper (level 3, -1/31 HPs)
             Began as a Palentonga Fighter on Aug 28, 2022.
             Slain by a water moccasin (8 damage)
             ... in a sewer.
             The game lasted 00:03:07 (2096 turns).

nono the Trooper (Palentonga Fighter)               Turns: 2096, Time: 00:03:08

Health: -1/31      AC:  6    Str: 23    XL:     3   Next: 91%
Magic:  3/3        EV:  7    Int:  8    God:
Gold:   134        SH:  4    Dex:  9    Spells: 2/2 levels left

rFire   . . .      SeeInvis +    a - +0 long sword
rCold   . . .      Faith    .    c - +0 buckler
rNeg    . . .      Spirit   .    b - +0 scale mail
rPois   .          Reflect  .    (no helmet)
rElec   .          Harm     .    (no cloak)
rCorr   .          Rampage  .    (no gloves)
Will    .....                    (no barding)
Stlth   ..........               (no amulet)
HPRegen 0.10/turn                k - ring of flight
MPRegen 0.08/turn                (no ring)

@: mighty, lethally poisoned (-1 -> -8), flying
A: large, rugged brown scales 3, see invisible, deformed body, roll 1, armoured
tail
a: Rolling Charge


You were in a sewer.
You visited 1 branch of the dungeon, and saw 3 of its levels.
You also visited: Sewer.

You collected 134 gold pieces.

Inventory:

Hand Weapons
 a - a +0 long sword (weapon)
 p - a +0 dagger of venom
Armour
 b - a +0 scale mail (worn)
 c - a +0 buckler (worn)
Jewellery
 k - a ring of flight (left hand)
 r - a ring of magical power
Scrolls
 f - a scroll of fog {unknown}
 g - 2 scrolls of blinking {unknown}
 h - a scroll of vulnerability {unknown}
 i - 3 scrolls of identify {unknown}
 j - a scroll of immolation {unknown}
 l - a scroll of teleportation {unknown}
 s - a scroll of amnesia {unknown}
Potions
 e - a potion of haste {unknown}
 m - 2 potions of flight {unknown}
 n - a potion of brilliance {unknown}
 o - 3 potions of curing {unknown}
 q - a potion of ambrosia {unknown}


   Skills:
 + Level 3.4 Fighting
 + Level 2.7 Long Blades
 + Level 2.9 Armour
 + Level 3.2 Shields


You had 2 spell levels left.
You didn't know any spells.
Your spell library contained the following spells:

 Spells                   Type           Power      Damage    Failure   Level
 Freeze                   Ice            0%         1d3       80%         1
 Frozen Ramparts          Ice            0%         1d1       99%         3
 Hailstorm                Conj/Ice       0%         3d3       100%        4


Dungeon Overview and Level Annotations

Branches:
Dungeon (3/15)              Sewer (1/1)

Altars:


Innate Abilities, Weirdness & Mutations

You are completely covered in rugged brown scales. (AC +3, +7% HP)
You have supernaturally acute eyesight. (SInv)
Armour fits poorly on your strangely shaped body.
You can roll at nearby foes to attack.
You have a long armoured tail.


Message History

The jackal is heavily wounded.
You kill the jackal!
You hit the jackal.
The jackal is poisoned.
The jackal is moderately wounded.
The jackal bites you but does no damage.
You hit the jackal.
You kill the jackal!
You see here a jackal corpse.
A water moccasin comes into view.
Found 4 boomerangs and 4 stones.
The water moccasin hisses angrily.
You hit the water moccasin.
The water moccasin is lightly wounded.
The water moccasin bites you.
You are poisoned.
The water moccasin poisons you!
You barely miss the water moccasin.
The water moccasin is lightly wounded.
You feel very sick. The water moccasin bites you!
You are lethally poisoned!
The water moccasin poisons you!
The water moccasin bites you but does no damage.
Your +0 dagger of venom stops dripping with poison.
a - a +0 long sword (weapon)
You feel very sick.
The water moccasin bites you but does no damage.
You feel very mighty all of a sudden.
You feel very sick. The water moccasin barely misses you.
You closely miss the water moccasin.
The water moccasin is lightly wounded.
You feel very sick.
The water moccasin bites you but does no damage. x2
You hit the water moccasin. You tail-slap the water moccasin.
The water moccasin is moderately wounded.
* * * LOW HITPOINT WARNING * * *
You feel very sick. The water moccasin bites you!
You die...

######## #
###.~..~.### #
###..~.......### #
###.~~.~####..@S.#
###.~..~###
###..~~.#
..~~..~##
##~~~.~.#
###.~...# ~...###
# ###.~..~# ..##.(
# ###.~~.~ ### (#
# ##.... # ####


You could see a water moccasin.

Vanquished Creatures
  4 worms
  A dart slug (D:1)
  3 ball pythons
  2 bats
  2 endoplasms (D:1)
  8 goblins
  2 hobgoblins (D:1)
  11 jackals
  3 kobolds
  A quokka (D:1)
  A frilled lizard (D:2)
  5 rats
43 creatures vanquished.

Notes
Turn   | Place    | Note
-------+----------+-------------------------------------------
     0 | D:1      | nono the Palentonga Fighter began the quest for the Orb.
     0 | D:1      | Reached XP level 1. HP: 19/19 MP: 1/1
   167 | D:1      | Reached XP level 2. HP: 24/25 MP: 2/2
   820 | D:2      | Reached XP level 3. HP: 31/31 MP: 3/3
  1920 | D:3      | Found a glowing drain.
  1956 | Sewer    | Entered a sewer
  2088 | Sewer    | Noticed a water moccasin
  2096 | Sewer    | Slain by a water moccasin

Illustrated notes

Levels and vault maps discovered:
D:1:      minmay_arrival_shattered_statue, layout_basic, serial_glass,
          glass_columns_b, glass_columns_b
D:2:      layout_basic
D:3:      layout_basic, cheibrodos_sewer_entry_sluice, st_stairs_8,
          minmay_misc_feat_square, uniq_grinder
Sewer:    sewer_the_moccasin

Skill      XL: |  1  2 |
---------------+-------+-----
Shields        | 3 |  3.2
Fighting       | |  3.4
Long Blades    | |  2.7
Armour         | |  2.9

Action                   || total
-------------------------++-------
Melee: Long sword        ||    84
       Tailslap          ||    14
       Dagger            ||    63
  Use: Potion            ||     1
Armor: Scale mail        ||    72
Dodge: Dodged            ||    48
Block: Buckler           ||    29

Table legend: (Time is in decaauts)
 A = Elapsed time spent in this place.
 B = Non-inter-level travel time spent in this place.
 C = Inter-level travel time spent in this place.
 D = Time resting spent in this place.
 E = Time spent auto-exploring this place.
 F = Levels seen in this place.
 G = Mean time per level.
                   A        B        C        D        E       F      G
               +--------+--------+--------+--------+--------+-----+--------+
         Total |   2117 |   2086 |     31 |      0 |   1726 |   4 |  529.2 |
       Dungeon |   1978 |   1947 |     31 |      0 |   1622 |   3 |  659.3 |
         Sewer |    138 |    138 |      0 |      0 |    104 |   1 |  138.0 |
               +--------+--------+--------+--------+--------+-----+--------+

Top non-repeatable levels by time:
     D:2: 1117 daAuts
     D:1: 825 daAuts
   Sewer: 138 daAuts
     D:3: 35 daAuts
